 Dungeon Crawl Stone Soup version 0.17.0-26-gececa24 (console) character file.

86 Kloppie the Skirmisher (level 4, -10/41 HPs)
             Began as a Hill Orc Fighter on Nov 19, 2015.
             Mangled by an orc
             ... wielding a +1 short sword of electrocution
              (12 damage)
             ... on level 2 of the Dungeon.
             The game lasted 00:02:46 (1898 turns).

Kloppie the Skirmisher (Hill Orc Fighter)           Turns: 1898, Time: 00:02:46

Health: -10/41     AC:  7    Str: 18    XL:     4   Next: 50%
Magic:  4/4        EV:  7    Int:  8    God:
Gold:   58         SH:  9    Dex: 11    Spells: 0 memorised, 3 levels left

rFire  . . .     SeeInvis .     a - +0 war axe
rCold  . . .     Clarity  .     b - +0 scale mail
rNeg   . . .     SustAt   .     c - +0 shield
rPois  .         Gourm    .     (no helmet)
rElec  .         Spirit   .     (no cloak)
rCorr  .         Warding  .     (no gloves)
rMut   .         Stasis   .     (no boots)
MR     .....                    (no amulet)
Stlth  ..........               (no ring)
                                (no ring)

@: not resistant to hostile enchantments, extremely unstealthy
A: no striking features
a: no special abilities


You were on level 2 of the Dungeon.
You were hungry.

You visited 1 branch of the dungeon, and saw 3 of its levels.

You collected 58 gold pieces.

Inventory:

Hand Weapons
 a - a +0 war axe (weapon)
Armour
 b - a +0 scale mail (worn)
 c - a +0 shield (worn)
Jewellery
 o - an uncursed ring of poison resistance {unknown}
Scrolls
 f - a scroll of noise {unknown}
 i - 3 scrolls of fog {unknown}
 k - 2 scrolls of blinking {unknown}
 l - a scroll of teleportation {unknown}
 p - a scroll of remove curse {unknown}
 q - a scroll of identify {unknown}
Potions
 d - a potion of might
 g - a potion of degeneration {unknown}
 h - a potion of invisibility {unknown}
 j - a potion of brilliance {unknown}
 m - a potion of poison {unknown}
Comestibles
 e - a bread ration
 n - a slice of pizza


   Skills:
 + Level 4.5 Fighting
 + Level 4.3 Axes
 + Level 4.1 Armour
 - Level 3.2 Shields


You had 3 spell levels left.
You didn't know any spells.

Dungeon Overview and Level Annotations

Branches:
Dungeon (3/15)

Altars:
Ashenzari


Message History

The orc throws a tomahawk of dispersal.
The tomahawk of dispersal closely misses you.
An orc opens the door.
There is a stone staircase leading up here.
The orc hits you with a short sword of electrocution.
* * * LOW HITPOINT WARNING * * *
You are electrocuted!
* * * LOW HITPOINT WARNING * * *
You climb upwards.
There is a stone staircase leading down here.
You barely miss the orc. You block the orc's attack.
The orc hits you but does no damage.
You barely miss the orc. The orc hits you but does no damage.
You hit the orc but do no damage. The orc completely misses you.
You closely miss the orc. You block the orc's attack.
The orc hits you but does no damage.
You barely miss the orc. The orc completely misses you.
You closely miss the orc. The orc hits you but does no damage.
You are electrocuted!
You die...

...#######.#.....#.#.#.#
...........#.###.#.#.#.#
..........<#.......#.#.#
...........#####.###.#.#
...#######.### #.# #.#.# ...#
#.......# #.# #.#.#
#÷.###.......###.###.#.#
................o>##.#.#
................@....#.###
############............[#
....................####.##
....#############..#...#..###
....# #....#...#....# ....#
##.##.#...#..#.## ....#
###..#⌠.#.+##)⌠...###
....########....#.........#....#
....'........#.###......[#.###.##


You could see an orc.

Vanquished Creatures
  A gnoll (D:1)
  2 adders
  2 worms
  An orc (D:3)
  5 giant cockroaches
  10 hobgoblins
  5 jackals
  2 quokkas (D:2)
  6 bats
  3 giant newts
  4 goblins
  5 kobolds (D:1)
  4 rats
50 creatures vanquished.

Notes
Turn   | Place    | Note
--------------------------------------------------------------
     0 | D:1      | Kloppie the Hill Orc Fighter began the quest for the Orb.
     0 | D:1      | Reached XP level 1. HP: 19/19 MP: 1/1
    16 | D:1      | Reached XP level 2. HP: 12/27 MP: 2/2
   327 | D:1      | Reached skill level 4 in Fighting
   395 | D:1      | Reached XP level 3. HP: 33/33 MP: 3/3
  1358 | D:2      | Reached XP level 4. HP: 41/41 MP: 4/4
  1536 | D:2      | Found a shattered altar of Ashenzari.
  1891 | D:3      | HP: 1/41 [orc/short sword of electrocution (9)]
  1898 | D:2      | Mangled by an orc

Action                   |  1- 3 |  4- 6 || total
-------------------------+-------+-------++-------
Melee: War axe           |   134 |    58 ||   192
  Eat: Chunk             |     2 |     1 ||     3
